SAA
LANCASTER FARMERS @ BETHESDA ATOMS
08/11/2034
 
TOP OF THE 1ST
Lancaster Farmers batting - Pitching for Bethesda Atoms : LHP Dennis Bly
Pitching: LHP Dennis Bly
Batting: LHB Ramón Padilla 0-0: Ball
1-0: Ball
2-0: Called Strike
2-1: Fly out, F9 (Flyball, 9S)
Batting: RHB José Medina 0-0: Fly out, F9 (Flyball, 89S)
Batting: RHB Chrysler Rodriguez 0-0: Swinging Strike
0-1: Ball
1-1: Ball
2-1: Ball
3-1: Ground out 4-3 (Groundball, 4)
Top of the 1st over - 0 runs, 0 hits, 0 errors, 0 left on base; Lancaster 0 - Bethesda 0
BOTTOM OF THE 1ST
Bethesda Atoms batting - Pitching for Lancaster Farmers : RHP Ralph DePalma
Pitching: RHP Ralph DePalma
Batting: LHB Vinski Prifti 0-0: Foul Ball, location: 2F
0-1: Called Strike
0-2: Ball
1-2: SINGLE (Line Drive, 89S)
Batting: RHB Renato Zuvic 0-0: Ball
1-0: Ball
2-0: Called Strike
2-1: Called Strike
2-2: Ground out 5-3 (Groundball, 56S)
Vinski Prifti to second
Batting: LHB Thierry Honoré 0-0: Called Strike
0-1: Ball
1-1: Called Strike
Vinski Prifti steals 3rd base
1-2: Ball
2-2: Foul Ball, location: 2F
2-2: Ball
3-2: Base on Balls
Batting: LHB Gong Mao 0-0: Fly out, F9 (Flyball, 9S)
Runner from 3rd tags up, SCORES, throw made
Batting: LHB Sandor Addicks 0-0: Called Strike
0-1: Ball
1-1: Called Strike
1-2: Fly out, F8 (Flyball, 78S)
Bottom of the 1st over - 1 run, 1 hit, 0 errors, 1 left on base; Lancaster 0 - Bethesda 1
TOP OF THE 2ND
Lancaster Farmers batting - Pitching for Bethesda Atoms : LHP Dennis Bly
Batting: RHB Domingo Altamiraño 0-0: Called Strike
0-1: Ball
1-1: Foul Ball, location: 2F
1-2: Ground out 4-3 (Groundball, 4)
Batting: RHB Cisco Gómez 0-0: Ball
1-0: Ground out 6-3 (Groundball, 6M)
Batting: RHB Min-tae Yi 0-0: Called Strike
0-1: Ball
1-1: Ground out 5-3 (Groundball, 56)
Top of the 2nd over - 0 runs, 0 hits, 0 errors, 0 left on base; Lancaster 0 - Bethesda 1
BOTTOM OF THE 2ND
Bethesda Atoms batting - Pitching for Lancaster Farmers : RHP Ralph DePalma
Batting: RHB Enrique Ibarra 0-0: Ball
1-0: Called Strike
1-1: Foul Ball, location: 2F
1-2: Strikes out looking
Batting: SHB Pedro Ortega 0-0: Called Strike
0-1: Foul Ball, location: 2F
0-2: Fly out, F4 (Popup, 4)
Batting: RHB Diego Romero 0-0: Ball
1-0: Ball
2-0: SINGLE (Line Drive, 9LS)
Batting: RHB Clancy Powell 0-0: Ball
1-0: Ball
2-0: Ground out 4-3 (Groundball, 34)
Bottom of the 2nd over - 0 runs, 1 hit, 0 errors, 1 left on base; Lancaster 0 - Bethesda 1
TOP OF THE 3RD
Lancaster Farmers batting - Pitching for Bethesda Atoms : LHP Dennis Bly
Batting: RHB Rusty Fox 0-0: Ball
1-0: Ground out 6-3 (Groundball, 6S)
Batting: RHB Jesús Herrera 0-0: Called Strike
0-1: Foul Ball, location: 2F
0-2: Strikes out swinging
Batting: LHB Mike Sanderson 0-0: Foul Ball, location: 2F
0-1: Ball
1-1: Called Strike
1-2: Ball
2-2: Strikes out looking
Top of the 3rd over - 0 runs, 0 hits, 0 errors, 0 left on base; Lancaster 0 - Bethesda 1
BOTTOM OF THE 3RD
Bethesda Atoms batting - Pitching for Lancaster Farmers : RHP Ralph DePalma
Batting: LHB Vinski Prifti 0-0: Ball
1-0: Foul Ball, location: 2F
1-1: Foul Ball, location: 2F
1-2: Strikes out looking
Batting: RHB Renato Zuvic 0-0: Foul Ball, location: 2F
0-1: Called Strike
0-2: Foul Ball, location: 2F
0-2: Fly out, F8 (Line Drive, 8LM)
Batting: LHB Thierry Honoré 0-0: Ball
1-0: Ball
2-0: Called Strike
2-1: Foul Ball, location: 2F
2-2: Foul Ball, location: 2F
2-2: Foul Ball, location: 2F
2-2: Foul Ball, location: 2F
2-2: Foul Ball, location: 2F
2-2: SOLO HOME RUN (Flyball, 9D), Distance : 373 ft
Batting: LHB Gong Mao 0-0: Ball
1-0: Called Strike
1-1: Foul Ball, location: 2F
1-2: Ball
2-2: Ball
3-2: SINGLE (Flyball, 8RM)
Batting: LHB Sandor Addicks 0-0: Ball
1-0: Called Strike
1-1: Ball
2-1: Ground out 4-3 (Groundball, 4)
Bottom of the 3rd over - 1 run, 2 hits, 0 errors, 1 left on base; Lancaster 0 - Bethesda 2
TOP OF THE 4TH
Lancaster Farmers batting - Pitching for Bethesda Atoms : LHP Dennis Bly
Batting: LHB Ramón Padilla 0-0: Ball
1-0: Ground out 4-3 (Groundball, 4D)
Batting: RHB José Medina 0-0: Swinging Strike
0-1: Called Strike
0-2: Strikes out swinging
Batting: RHB Chrysler Rodriguez 0-0: Ball
1-0: Swinging Strike
1-1: Swinging Strike
1-2: Strikes out swinging
Top of the 4th over - 0 runs, 0 hits, 0 errors, 0 left on base; Lancaster 0 - Bethesda 2
BOTTOM OF THE 4TH
Bethesda Atoms batting - Pitching for Lancaster Farmers : RHP Ralph DePalma
Batting: RHB Enrique Ibarra 0-0: Foul Ball, location: 2F
0-1: Ball
1-1: Ground out 4-3 (Groundball, 4)
Batting: SHB Pedro Ortega 0-0: Ball
1-0: Ball
2-0: Ball
3-0: Base on Balls
Batting: RHB Diego Romero 0-0: Ball
1-0: Ball
2-0: Ball
3-0: Called Strike
3-1: Base on Balls
Pedro Ortega to second
Batting: RHB Clancy Powell 0-0: Called Strike
0-1: Fly out, F8 (Line Drive, 8LM)
Now in CF: Francisco Barranco
Batting: LHB Vinski Prifti 0-0: Foul Ball, location: 2F
0-1: Swinging Strike
0-2: Foul Ball, location: 2F
0-2: Ground out U3 (Groundball, 3L)
Bottom of the 4th over - 0 runs, 0 hits, 0 errors, 2 left on base; Lancaster 0 - Bethesda 2
TOP OF THE 5TH
Lancaster Farmers batting - Pitching for Bethesda Atoms : LHP Dennis Bly
Batting: RHB Domingo Altamiraño 0-0: Ball
1-0: Fly out, F9 (Flyball, 89M)
Batting: RHB Cisco Gómez 0-0: Ball
1-0: Ball
2-0: Called Strike
2-1: DOUBLE (Line Drive, 78D)
Batting: RHB Min-tae Yi 0-0: SINGLE (Flyball, 8LS)
Cisco Gómez to third
Batting: RHB Rusty Fox 0-0: Ball
1-0: Foul Ball, location: 2F
1-1: Swinging Strike
1-2: DOUBLE (Flyball, 8LXD)
Cisco Gómez scores
Min-tae Yi to third
Runner from 3rd tries for Home, SAFE, no throw
Batting: RHB Jesús Herrera 0-0: Fly out, F9 (Flyball, 9S)
Batting: LHB Mike Sanderson 0-0: Called Strike
0-1: Ball
1-1: Ball
2-1: Ball
3-1: Called Strike
3-2: Foul Ball, location: 2F
3-2: Fly out, F7 (Flyball, 7LS)
Top of the 5th over - 2 runs, 3 hits, 0 errors, 1 left on base; Lancaster 2 - Bethesda 2
BOTTOM OF THE 5TH
Bethesda Atoms batting - Pitching for Lancaster Farmers : RHP Ralph DePalma
Batting: RHB Renato Zuvic 0-0: Foul Ball, location: 2F
0-1: Swinging Strike
0-2: Ball
1-2: Foul Ball, location: 2F
1-2: Ball
2-2: Strikes out swinging
Batting: LHB Thierry Honoré 0-0: Called Strike
0-1: Called Strike
0-2: Foul Ball, location: 2F
0-2: Strikes out swinging
Batting: LHB Gong Mao 0-0: Foul Ball, location: 2F
0-1: Foul Ball, location: 2F
0-2: Ball
1-2: Ball
2-2: Foul Ball, location: 2F
2-2: Ball
3-2: Foul Ball, location: 2F
3-2: Base on Balls
Batting: LHB Sandor Addicks 0-0: Called Strike
0-1: Called Strike
0-2: Ball
1-2: Ball
2-2: Foul Ball, location: 2F
2-2: Ball
3-2: Fly out, F9 (Flyball, 9D)
Bottom of the 5th over - 0 runs, 0 hits, 0 errors, 1 left on base; Lancaster 2 - Bethesda 2
TOP OF THE 6TH
Lancaster Farmers batting - Pitching for Bethesda Atoms : LHP Dennis Bly
Batting: LHB Ramón Padilla 0-0: Ball
1-0: Ball
2-0: Ball
3-0: Base on Balls
Batting: RHB José Medina 0-0: Foul Ball, location: 2F
0-1: Foul Ball, location: 2F
0-2: Ball
1-2: Strikes out swinging
Batting: LHB Francisco Barranco 0-0: Foul Ball, location: 2F
0-1: Called Strike
0-2: Ball
1-2: Fly out, F9 (Flyball, 89S)
Batting: RHB Domingo Altamiraño 0-0: Ball
1-0: Fly out, F8 (Line Drive, 8LXD)
Top of the 6th over - 0 runs, 0 hits, 0 errors, 1 left on base; Lancaster 2 - Bethesda 2
BOTTOM OF THE 6TH
Bethesda Atoms batting - Pitching for Lancaster Farmers : RHP Ralph DePalma
Batting: RHB Enrique Ibarra 0-0: Ball
1-0: Called Strike
1-1: Ball
2-1: Ground out 4-3 (Groundball, 4)
Batting: SHB Pedro Ortega 0-0: Called Strike
0-1: Ball
1-1: Ball
2-1: Fly out, F8 (Flyball, 8RS)
Batting: RHB Diego Romero 0-0: Ball
1-0: Ball
2-0: Ball
3-0: Base on Balls
Pitching: RHP Fidelio Zeri
Batting: RHB Clancy Powell 0-0: Called Strike
0-1: Ball
1-1: Ball
2-1: Swinging Strike
2-2: Ball
3-2: Strikes out swinging
Bottom of the 6th over - 0 runs, 0 hits, 0 errors, 1 left on base; Lancaster 2 - Bethesda 2
TOP OF THE 7TH
Lancaster Farmers batting - Pitching for Bethesda Atoms : LHP Dennis Bly
Batting: RHB Cisco Gómez 0-0: Called Strike
0-1: Ball
1-1: Ground out 6-3 (Groundball, 6)
Batting: RHB Min-tae Yi 0-0: Ball
1-0: Foul Ball, location: 2F
1-1: Fly out, F9 (Flyball, 9S)
Batting: RHB Rusty Fox 0-0: Ball
1-0: Fly out, F8 (Flyball, 8RD)
Top of the 7th over - 0 runs, 0 hits, 0 errors, 0 left on base; Lancaster 2 - Bethesda 2
BOTTOM OF THE 7TH
Bethesda Atoms batting - Pitching for Lancaster Farmers : RHP Fidelio Zeri
Batting: LHB Vinski Prifti 0-0: Ball
1-0: Swinging Strike
1-1: Called Strike
1-2: Strikes out looking
Batting: RHB Renato Zuvic 0-0: Ball
1-0: Foul Ball, location: 2F
1-1: Ball
2-1: Swinging Strike
2-2: Fly out, F9 (Line Drive, 9S)
Batting: LHB Thierry Honoré 0-0: Called Strike
0-1: SOLO HOME RUN (Line Drive, 89XD), Distance : 410 ft
Batting: LHB Gong Mao 0-0: Foul Ball, location: 2F
0-1: Foul Ball, location: 2F
0-2: Ground out 4-3 (Groundball, 4)
Bottom of the 7th over - 1 run, 1 hit, 0 errors, 0 left on base; Lancaster 2 - Bethesda 3
TOP OF THE 8TH
Lancaster Farmers batting - Pitching for Bethesda Atoms : LHP Dennis Bly
Now in CF: Manuel Márquez
Batting: RHB Jesús Herrera 0-0: Called Strike
0-1: Fly out, F8 (Flyball, 8LD)
Batting: LHB Mike Sanderson 0-0: Called Strike
0-1: Swinging Strike
0-2: Strikes out swinging
Batting: LHB Ramón Padilla 0-0: Ball
1-0: Ball
2-0: Ball
3-0: Called Strike
3-1: SINGLE (Line Drive, 7S)
Batting: RHB José Medina 0-0: Ball
1-0: SINGLE (Groundball, 5D)
Ramón Padilla to second
Batting: LHB Francisco Barranco 0-0: Ball
1-0: Foul Ball, location: 2F
1-1: Ball
2-1: Called Strike
2-2: Ball
3-2: Foul Ball, location: 2F
3-2: Foul Ball, location: 2F
3-2: Fly out, F5 (Line Drive, 5S)
Top of the 8th over - 0 runs, 2 hits, 0 errors, 2 left on base; Lancaster 2 - Bethesda 3
BOTTOM OF THE 8TH
Bethesda Atoms batting - Pitching for Lancaster Farmers : RHP Fidelio Zeri
Batting: LHB Sandor Addicks 0-0: Called Strike
0-1: Swinging Strike
0-2: Ball
1-2: Foul Ball, location: 2F
1-2: Foul Ball, location: 2F
1-2: Ball
2-2: Foul Ball, location: 2F
2-2: Ground out 6-3 (Groundball, 6M)
Batting: RHB Enrique Ibarra 0-0: Swinging Strike
0-1: Ball
1-1: Swinging Strike
1-2: SINGLE (Groundball, 56D)
Pinch Hitting: LHB Rob Rodríguez 0-0: Called Strike
0-1: Foul Ball, location: 2F
0-2: SINGLE (Groundball, 3D)
Enrique Ibarra to second
Runner from 2nd tries for 3rd, SAFE, throw made to third
Batting: RHB Diego Romero 0-0: Ball
Passed Ball!
Enrique Ibarra scores
Rob Rodríguez to second
1-0: Intentional Walk
Pitching: RHP Tony Wolfe
Batting: RHB Clancy Powell 0-0: Called Strike
0-1: Ground out 5-3 (Groundball, 56S)
Rob Rodríguez to third
Diego Romero to second
Batting: LHB Vinski Prifti 0-0: Ball
1-0: Ball
2-0: Called Strike
2-1: SINGLE (Groundball, 4) (infield hit)
Rob Rodríguez scores
Diego Romero to third
Batting: RHB Renato Zuvic 0-0: Ball
1-0: Called Strike
1-1: Ball
2-1: Foul Ball, location: 2F
2-2: Foul Ball, location: 2F
2-2: Strikes out swinging
Bottom of the 8th over - 2 runs, 3 hits, 0 errors, 2 left on base; Lancaster 2 - Bethesda 5
TOP OF THE 9TH
Lancaster Farmers batting - Pitching for Bethesda Atoms : LHP Dennis Bly
Pitching: RHP Elias Ijzendoorn
Now at 3B: Isuru Tanaka
Batting: RHB Domingo Altamiraño 0-0: Ball
1-0: Called Strike
1-1: Called Strike
1-2: Foul Ball, location: 2F
1-2: SINGLE (Line Drive, 7S)
Batting: RHB Cisco Gómez 0-0: Foul Ball, location: 2F
0-1: Foul Ball, location: 2F
0-2: Ball
1-2: Ball
2-2: Foul Ball, location: 2F
2-2: Grounds into double play, 4-6-3 (Groundball, 34)
Batting: RHB Min-tae Yi 0-0: Swinging Strike
0-1: Called Strike
0-2: Fly out, F9 (Flyball, 9LM)
Top of the 9th over - 0 runs, 1 hit, 0 errors, 0 left on base; Lancaster 2 - Bethesda 5
Friday, March 29th, 2019 - OOTP Baseball 18.8 Build 76